 Dungeon Crawl Stone Soup version 0.25.1-2-g60ff931df9 (webtiles) character file.

Game seed: 12060096850435170158

126588 DerDa the Destroyer (level 16, 0/118 HPs)
             Began as a Demonspawn Fire Elementalist on Aug 1, 2020.
             Was a High Priest of Sif Muna.
             Drowned by a water elemental (13 damage)
             ... on level 4 of the Lair of Beasts.
             The game lasted 02:05:59 (34290 turns).

DerDa the Destroyer (Demonspawn Fire Elementalist) Turns: 34290, Time: 02:06:01

Health: 0/118      AC:  8    Str: 12    XL:     16   Next: 44%
Magic:  32/32      EV: 18    Int: 31    God:    Sif Muna [*****.]
Gold:   2339       SH:  6    Dex: 18    Spells: 7/40 levels left

rFire    + + +     SeeInvis .   a - +11 scimitar of the Fifty Moons {vorpal, rF+++ rC- MR+++ Dex+2}
rCold    + . .     Gourm    .   L - +0 buckler
rNeg     . . .     Faith    .   F - +2 robe {rC+}
rPois    .         Spirit   .   s - +0 helmet {Int+3}
rElec    .         Reflect  .   (no cloak)
rCorr    .         Harm     .   (gloves unavailable)
MR       ++++.                  (no boots)
Stlth    ++........             c - amulet of Sozic Qicso {rC++ Regen+ Str+4 Slay+2}
HPRegen  0.69/turn              f - +6 ring of intelligence
MPRegen  0.23/turn              y - ring of fire

@: engulfed (cannot breathe), slowed, very slow
A: claws 3, thin metallic scales 2, foul stench 1, powered by death 1, rot
immunity
a: Channel Magic, Forget Spell, Divine Exegesis, Renounce Religion


You were on level 4 of the Lair of Beasts.
You worshipped Sif Muna.
Sif Muna was extremely pleased with you.
You were not hungry.

You visited 5 branches of the dungeon, and saw 25 of its levels.
You also visited: Ossuary and Gauntlet.

You collected 5973 gold pieces.
You spent 3634 gold pieces at shops.

Inventory:

Hand Weapons
 a - the +11 scimitar of the Fifty Moons (weapon) {vorpal, rF+++ rC- MR+++ Dex+2}
   (You bought it in a shop on level 5 of the Dungeon)

   It inflicts extra damage upon your enemies.
   It affects your dexterity (+2).
   It renders you almost immune to fire.
   It makes you vulnerable to cold.
   It affects your resistance to hostile enchantments.
Armour
 e - the +0 leather armour "Oczihor" {MP+9 Dex+5}
   (You bought it in a shop on level 2 of the Orcish Mines)

   It affects your dexterity (+5).
   It affects your magic capacity (+9).
 s - a +0 helmet of intelligence (worn)
 F - a +2 robe of cold resistance (worn)
 L - a +0 buckler (worn)
Magical Staves
 b - an uncursed staff of wizardry
 I - an uncursed staff of energy
Jewellery
 c - the amulet of Sozic Qicso (around neck) {rC++ Regen+ Str+4 Slay+2}
   (You found it on level 14 of the Dungeon)

   [amulet of regeneration]

   It affects your strength (+4).
   It affects your accuracy and damage with ranged weapons and melee attacks
   (+2).
   It greatly protects you from cold.
   It increases your rate of regeneration.
 f - a +6 ring of intelligence (left claw)
 x - an uncursed ring of flight
 y - a ring of fire (right claw)
 M - an uncursed ring of protection from cold
 T - the ring "Koxzuodd" {*Tele *Slow +Inv rElec rC+++}
   (You bought it in a shop on level 8 of the Dungeon)

   [ring of teleportation]

   It may teleport you next to monsters.
   It renders you almost immune to cold.
   It insulates you from electricity.
   It lets you turn invisible.
   It may slow you when you take damage.
 W - an uncursed ring of poison resistance
Wands
 u - a wand of polymorph (20)
 v - a wand of digging (3)
 B - a wand of acid (9)
 J - a wand of iceblast (23)
 K - a wand of enslavement (10)
 O - a wand of clouds (6)
 Z - a wand of paralysis (9)
Scrolls
 m - 7 scrolls of teleportation
 p - 3 scrolls of remove curse
 C - 2 scrolls of immolation
 E - 7 scrolls of magic mapping
 N - 5 scrolls of fear
 X - 3 scrolls of fog
Potions
 g - 4 potions of invisibility
 h - 12 potions of heal wounds
 k - 8 potions of curing
 n - a potion of ambrosia
 o - 7 potions of brilliance
 q - 6 potions of flight {unknown}
 r - 5 potions of mutation {unknown}
 t - 5 potions of cancellation {unknown}
 A - a potion of berserk rage {unknown}
 H - 2 potions of might {unknown}
 P - 5 potions of magic
 Y - 3 potions of haste
Miscellaneous
 d - 3 boxes of beasts
Comestibles
 j - 3 chunks of flesh
 z - 38 rations


   Skills:
 + Level 8.5 Fighting
 + Level 8.1 Dodging
 - Level 1.7 Stealth
 - Level 5.0 Shields
 * Level 12.8 Spellcasting
 * Level 13.7 Conjurations
 * Level 13.0 Fire Magic
 + Level 4.5 Air Magic
 + Level 10.9 Invocations
 + Level 8.6 Evocations


You had 7 spell levels left.
You knew the following spells:

 Your Spells              Type           Power        Failure   Level  Hunger
a - Foxfire               Conj/Fire      ####         0%          1    None
b - Conjure Flame         Conj/Fire      ########     1%          3    None
c - Sticky Flame          Conj/Fire      ########     1%          4    None
d - Fireball              Conj/Fire      ########..   1%          5    #......
e - Inner Flame           Hex/Fire       ######..     1%          3    None
f - Irradiate             Conj/Tmut      ######....   4%          5    #......
g - Airstrike             Air            #####.....   3%          4    None
h - Orb of Destruction    Conj           #######...   8%          7    ######.
w - Apportation           Tloc           ###...       2%          1    None

Your spell library contained the following spells:

 Spells                   Type           Power        Failure   Level  Hunger
 Searing Ray              Conj           ######       0%          2    None
 Corpse Rot               Necr/Air       N/A          1%          2    None
 Poisonous Vapours        Pois/Air       ####..       1%          2    None
 Dazzling Flash           Conj/Hex       ######       1%          3    None
 Mephitic Cloud           Conj/Pois/Air  ######..     1%          3    None
 Static Discharge         Conj/Air       ######..     1%          3    None
 Stone Arrow              Conj/Erth      ######       1%          3    None
 Fulminant Prism          Conj/Hex       ######....   1%          4    None
 Bolt of Magma            Conj/Fire/Erth #######...   1%          5    #......
 Lightning Bolt           Conj/Air       ######....   1%          5    #......
 Starburst                Conj/Fire      ########..   1%          6    ####...
 Animate Skeleton         Necr           N/A          2%          1    None
 Corona                   Hex            ###....      2%          1    None
 Freeze                   Ice            ###.         2%          1    None
 Pain                     Necr           ###.         2%          1    None
 Sandblast                Erth           ###...       2%          1    None
 Summon Butterflies       Summ           ###.....     2%          1    None
 Summon Small Mammal      Summ           ###.         2%          1    None
 Sublimation of Blood     Necr           ###.......   3%          2    None
 Iskenderun's Battlesphe  Conj/Chrm      ######..     4%          5    #......
 Call Canine Familiar     Summ           ###.....     8%          3    None
 Lesser Beckoning         Tloc           ###.......   8%          3    None
 Ozocubu's Armour         Chrm/Ice       ###.....     8%          3    None
 Spectral Weapon          Hex/Chrm       ###.....     8%          3    None
 Tukima's Dance           Hex            ###.....     8%          3    None
 Iron Shot                Conj/Erth      ######....   22%         6    ####...
 Dispel Undead            Necr           ###.....     24%         4    None
 Ice Form                 Ice/Tmut       ###.....     24%         4    None
 Silence                  Hex/Air        ####......   26%         5    #......
 Freezing Cloud           Conj/Ice/Air   ######....   30%         6    ####...
 Agony                    Necr           ###.....     56%         5    #......
 Alistair's Intoxication  Tmut/Pois      ###.....     56%         5    #......
 Borgnjor's Vile Clutch   Necr/Erth      ###.......   56%         5    #......
 Excruciating Wounds      Chrm/Necr      ###.......   56%         5    #......
 Metabolic Englaciation   Hex/Ice        ###.......   56%         5    #......
 Spellforged Servitor     Conj/Summ      ######....   77%         7    ######.
 Ring of Flames           Chrm/Fire      ######....   82%         7    ######.
 Death Channel            Necr           ###.......   98%         6    ####...
 Eringya's Noxious Bog    Tmut/Pois      ###.......   98%         6    ####...
 Invisibility             Hex            ###.....     98%         6    ####...
 Simulacrum               Ice/Necr       ###.......   98%         6    ####...
 Statue Form              Tmut/Erth      ###......    98%         6    ####...
 Ignition                 Fire           ########..   58%         8    #######
 Chain Lightning          Conj/Air       ######....   98%         8    #######
 Fire Storm               Conj/Fire      ########..   100%        9    #######
 Tornado                  Air            #####.....   100%        9    #######


Dungeon Overview and Level Annotations

Branches:
Dungeon (15/15)            Temple (1/1) D:6            Lair (6/6) D:8
 Shoals (1/4) Lair:4        Snake (0/4) Lair:3        Slime (0/5) Lair:5
    Orc (2/2) D:11            Elf (0/3) Orc:2        Vaults (0/5) D:14
 Depths (0/5) D:15        Ossuary (visited)         Gauntlet (visited)

Altars:
Ashenzari
Cheibriados
Dithmenos
Elyvilon
Fedhas
Gozag
Hepliaklqana
Kikubaaqudgha
Makhleb
Nemelex Xobeh
Okawaru
Qazlal
Ru
Sif Muna
Trog
Uskayaw
Vehumet
Wu Jian
Xom
Yredelemnul
Zin
The Shining One

Shops:
D:5 (   D:8 =!**   D:10 *[*[   Orc:2 [[}!

Portals:
Hell: Lair:6


Innate Abilities, Weirdness & Mutations

You have claws for hands.
You are mostly covered in thin metallic scales. (AC +3)
You may emit foul miasma when damaged in melee.
You regenerate a little health from kills.
You are immune to rotting.


Message History

The wraith hits you. The wraith drains your vigour!
You feel as though you will be slow longer.
You block the water elemental's attack. The wraith closely misses you.
You riposte.
You slash the wraith!
The wraith is moderately damaged.
The merfolk impaler hits you from afar with a +1 trident of protection!
There is a staircase back to the Lair, spattered with blood here.
The water elemental hits you.
The water elemental engulfs you in water!
The water elemental hits you!
The merfolk impaler hits you from afar with a +1 trident of protection!!
The wraith completely misses you. The water elemental barely misses you.
The wraith hits you. You block the wraith's attack.
The water elemental hits you!
* * * LOW HITPOINT WARNING * * *
The water elemental hits you!
* * * LOW HITPOINT WARNING * * *
The merfolk impaler misses you.
You climb upwards.
Welcome back to the Lair of Beasts!
You die...

# #...## ##.####P##.#
######...########.........##
#.#.###..##...##...###.#...#
.................### ###...#
..................# #...#
.................## #..##
.....<...........#######...#
...............EEEW.......##
...............W@W..#######
...........#..####.##
##.#...##P.#### #..#
###...###..# #..# # ##...##..#
#..## #....#..## ##..##
#..####..### #P.#.######
##..##.#..#P####...P.##.####
###.........................P##


You could see 3 water elementals and 3 wraiths.

Vanquished Creatures
  3 liches (D:14)
  The ghost of Kilet the Geomancer, an adept GrEE of Vehumet (D:14)
  The ghost of Cown the Bludgeoner, a journeyman TrHu of Yredelemnul (D:14)
  Nessos (D:12)
  A minotaur (Gauntlet)
  Josephine (Lair:4)
  A yaktaur captain (D:15)
  Harold (D:9)
  4 centaur warriors
  8 hydras
  4 catoblepae
  An ogre mage (D:15)
  22 death yaks
  12 two-headed ogres
  5 orc high priests
  3 tengu warriors
  Sonja (D:10)
  Urug (D:11)
  A sun demon (Lair:6)
  2 unseen horrors (D:10)
  4 wizards
  A lindwurm (Lair:5)
  Pikel (D:5)
  A necromancer (D:14)
  An orc knight (Orc:2)
  2 deep elf magi
  4 oklob plants (Lair:4)
  A manticore (D:13)
  4 fauns (Shoals:1)
  17 elephants
  5 cyclopes
  Joseph (D:9)
  3 orc sorcerers
  15 ugly things
  A worldbinder (Gauntlet)
  A merfolk siren (Shoals:1)
  Psyche (D:10)
  2 black mambas
  A smoke demon (Lair:6)
  4 gargoyles
  A black mamba (shapeshifter) (D:15)
  9 spiny frogs
  Maggie (D:9)
  9 rime drakes
  10 komodo dragons
  An efreet (D:14)
  3 orange demons (Lair:6)
  A kobold demonologist (D:11)
  An ice devil (Lair:6)
  2 red devils (Lair:6)
  A queen bee (D:12)
  3 tengu conjurers (D:15)
  6 polar bears
  5 trolls
  3 hornets
  4 slime creatures
  9 blink frogs
  11 hippogriffs
  The ghost of waddelsworth the Digger, an amateur GrEE (D:3)
  A centaur simulacrum (D:12)
  2 wraiths
  3 wyverns
  2 vampires
  2 water elementals (Shoals:1)
  5 basilisks
  31 yaks
  Grum (D:9)
  3 hungry ghosts
  7 vampire mosquitoes (D:15)
  A soldier ant (D:15)
  A warg (Orc:2)
  9 porcupines
  4 hell hounds (Lair:6)
  19 water moccasins
  A floating eye (shapeshifter) (D:15)
  Duvessa (D:5)
  3 black bears
  6 ice beasts
  6 sky beasts
  2 necrophages
  23 orc warriors
  A hornet zombie (D:14)
  A boggart (Gauntlet)
  2 eyes of draining
  9 ogres
  16 wolves
  15 centaurs
  14 crocodiles
  20 bullfrogs
  A gnoll sergeant (D:8)
  A wyvern zombie (D:12)
  Dowan (D:5)
  8 scorpions
  2 wyvern skeletons
  21 killer bees
  12 wights
  4 electric eels
  8 crimson imps
  10 howler monkeys
  6 centaur zombies
  3 bullfrog zombies
  8 hounds
  A quasit (D:10)
  13 jellies
  2 human zombies (Ossuary)
  4 centaur skeletons
  31 orc priests
  4 bullfrog skeletons
  6 iguanas
  Terence (D:3)
  38 orc wizards
  11 worker ants
  3 mummies (Ossuary)
  A hound skeleton (D:10)
  A worker ant zombie (D:11)
  2 howler monkey zombies
  8 gnolls
  10 adders
  4 scorpion zombies (Ossuary)
  3 shadow imps
  5 white imps
  5 oozes (Lair:5)
  An adder zombie (D:6)
  An adder skeleton (D:7)
  7 worms
  A dart slug (D:3)
  7 leopard geckos
  120 orcs
  3 ball pythons
  2 giant cockroaches
  4 goblins
  8 hobgoblins
  14 jackals
  12 quokkas
  7 bats
  5 frilled lizards
  2 gnoll zombies (Ossuary)
  2 hobgoblin zombies (Ossuary)
  6 kobolds
  A leopard gecko zombie (D:9)
  4 orc zombies (Ossuary)
  2 quokka skeletons
  10 rats
  A bush (Lair:6)
  4 fungi
  7 plants
905 creatures vanquished.

Vanquished Creatures (collateral kills)
  A fungus (Gauntlet)
1 creature vanquished.

Vanquished Creatures (others)
  A killer bee (D:12)
  2 bushes (Lair:6)
  1823 foxfires
  14 fungi
  13 plants
1853 creatures vanquished.

Grand Total: 2759 creatures vanquished

Notes
Turn   | Place    | Note
-------+----------+-------------------------------------------
     0 | D:1      | DerDa the Demonspawn Fire Elementalist began the quest for
                  | the Orb.
     0 | D:1      | Reached XP level 1. HP: 13/13 MP: 3/3
   372 | D:1      | Gained mutation: You are immune to rotting. [demonic
                  | ancestry]
   372 | D:1      | Reached XP level 2. HP: 19/19 MP: 3/5
  1258 | D:2      | Gained mutation: You have sharp fingernails. [demonic
                  | ancestry]
  1258 | D:2      | Reached XP level 3. HP: 24/24 MP: 2/6
  1346 | D:2      | Learned a level 3 spell: Conjure Flame
  1870 | D:2      | Reached XP level 4. HP: 30/30 MP: 5/8
  1952 | D:2      | Found a radiant altar of Vehumet.
  2063 | D:3      | Learned a level 4 spell: Sticky Flame
  2064 | D:3      | Found a transporter.
  2064 | D:3      | Noticed waddelsworth's ghost (amateur GrEE)
  2563 | D:3      | Noticed Terence
  2572 | D:3      | Killed Terence
  2572 | D:3      | Gained mutation: You have very sharp fingernails. [demonic
                  | ancestry]
  2572 | D:3      | Reached XP level 5. HP: 28/35 MP: 3/9
  2797 | D:3      | Found a transporter.
  3748 | D:4      | Gained mutation: You may emit foul miasma when damaged in
                  | melee. [demonic ancestry]
  3748 | D:4      | Reached XP level 6. HP: 37/41 MP: 6/11
  3799 | D:4      | Found a bloodstained altar of Trog.
  3935 | D:5      | Entered Level 5 of the Dungeon
  4113 | D:5      | Found an opulent altar of Gozag.
  4142 | D:5      | Found Fyqi's Antique Weapon Emporium.
  4154 | D:5      | Found an iron altar of Okawaru.
  4225 | D:5      | Reached XP level 7. HP: 24/46 MP: 6/13
  4246 | D:5      | Noticed Pikel
  4334 | D:5      | Reached skill level 5 in Fire Magic
  4507 | D:5      | Found a sand-covered staircase.
  4514 | Ossuary  | Entered an ossuary
  4751 | Ossuary  | Reached skill level 5 in Conjurations
  4757 | Ossuary  | Reached skill level 5 in Spellcasting
  4874 | Ossuary  | Gained mutation: You are partially covered in thin metallic
                  | scales. (AC +2) [demonic ancestry]
  4874 | Ossuary  | Reached XP level 8. HP: 47/52 MP: 0/15
  5370 | D:5      | Noticed Duvessa
  5370 | D:5      | Noticed Dowan
  5377 | D:5      | Killed Duvessa
  5382 | D:5      | Killed Dowan
  5654 | D:5      | Killed Pikel
  6176 | D:3      | Learned a level 5 spell: Fireball
  6178 | D:3      | Learned a level 1 spell: Apportation
  6208 | D:3      | Killed waddelsworth's ghost
  6208 | D:3      | Gained mutation: You are mostly covered in thin metallic
                  | scales. (AC +3) [demonic ancestry]
  6208 | D:3      | Reached XP level 9. HP: 57/57 MP: 1/18
  6428 | D:5      | Bought an iridescent scimitar for 252 gold pieces
  6443 | D:5      | Identified the +11 scimitar of the Fifty Moons {vorpal,
                  | rF+++ rC- MR+++ Dex+2} (You bought it in a shop on level 5
                  | of the Dungeon)
  6448 | D:5      | Learned a level 3 spell: Inner Flame
  6710 | D:6      | Found a staircase to the Ecumenical Temple.
  6719 | Temple   | Entered the Ecumenical Temple
  7412 | D:6      | Found a shimmering blue altar of Sif Muna.
  7429 | D:6      | Became a worshipper of Sif Muna the Loreminder
  7958 | D:6      | Reached skill level 1 in Invocations
  7959 | D:6      | Reached skill level 1 in Fighting
  7959 | D:6      | Reached skill level 1 in Evocations
  8430 | D:7      | Killed a large slime creature
  8430 | D:7      | Reached XP level 10. HP: 67/67 MP: 3/21
  8544 | D:7      | Found a hide-covered altar of Uskayaw.
  9566 | D:8      | Found Lyiwkith's Assorted Antiques.
  9623 | D:8      | Bought a scroll labeled QOEWAL HIGHE for 28 gold pieces
  9623 | D:8      | Bought 2 scrolls labeled JISTRU HIXUXZE for 56 gold pieces
  9644 | D:8      | Found a staircase to the Lair.
  9733 | D:8      | Reached * piety under Sif Muna
  9877 | D:8      | Found Firor's Distillery.
 10106 | D:8      | Found Wodu's Antique Armour Emporium.
 10217 | D:8      | Found a white marble altar of Elyvilon.
 10220 | D:8      | Found Eraan's Assorted Antiques.
 10334 | D:8      | Found Juniebupoo's Jewellery Emporium.
 10399 | D:8      | Found a shattered altar of Ashenzari.
 10864 | D:9      | Noticed Joseph
 10880 | D:9      | Killed Joseph
 10979 | D:9      | Noticed a two-headed ogre
 10986 | D:9      | Killed a two-headed ogre
 11098 | D:9      | Noticed Grum
 11107 | D:9      | Killed Grum
 11123 | D:9      | Identified 2 scrolls of acquirement
 11125 | D:9      | Acquired 390 gold pieces
 11126 | D:9      | Acquired 2920 gold pieces
 11137 | D:9      | Reached ** piety under Sif Muna
 11199 | D:8      | Bought a scroll of identify for 56 gold pieces
 11199 | D:8      | Bought a tubular peridot ring for 140 gold pieces
 11282 | D:8      | Bought a fuming dark potion for 20 gold pieces
 11282 | D:8      | Bought a pair of runed gloves for 172 gold pieces
 11282 | D:8      | Bought a scroll of identify for 46 gold pieces
 11282 | D:8      | Bought a scroll of enchant armour for 172 gold pieces
 11282 | D:8      | Bought a scroll of teleportation for 69 gold pieces
 11353 | D:8      | Bought the ring "Koxzuodd" {*Tele *Slow +Inv rElec rC+++}
                  | for 868 gold pieces
 11410 | D:9      | Noticed Harold
 11423 | D:9      | Noticed Maggie
 11431 | D:9      | Killed Harold
 11431 | D:9      | Reached XP level 11. HP: 41/75 MP: 15/23
 11640 | D:9      | Killed Maggie
 12177 | D:9      | Noticed a two-headed ogre
 12182 | D:9      | Killed a two-headed ogre
 12469 | D:10     | Entered Level 10 of the Dungeon
 12469 | D:10     | Noticed Sonja
 12471 | D:10     | Killed Sonja
 12471 | D:10     | Reached skill level 5 in Invocations
 12576 | D:10     | Found Caona's Armour Shop.
 12577 | D:10     | Found Xaof's Assorted Antiques.
 12736 | D:10     | Noticed a two-headed ogre
 12744 | D:10     | Killed a two-headed ogre
 12828 | D:10     | Noticed Psyche
 12833 | D:10     | Killed Psyche
 12905 | D:10     | Bought a scroll labeled SASUMU HEDO for 20 gold pieces
 12905 | D:10     | Bought an inky potion for 18 gold pieces
 12905 | D:10     | Bought a runed robe for 74 gold pieces
 12905 | D:10     | Bought a scroll of identify for 40 gold pieces
 12905 | D:10     | Bought a dented diamond amulet for 100 gold pieces
 12905 | D:10     | Bought a scroll labeled SASUMU HEDO for 20 gold pieces
 12914 | D:10     | Found Cookar's Assorted Antiques.
 12922 | D:10     | Bought a gilded ring for 155 gold pieces
 12922 | D:10     | Bought a metallic blue potion for 27 gold pieces
 12922 | D:10     | Bought a scroll labeled WIERPH MISAUTS for 31 gold pieces
 12922 | D:10     | Bought a grey potion for 27 gold pieces
 13064 | D:10     | HP: 3/77 [something (3)]
 13524 | D:10     | Found Yffoos's Antique Armour Emporium.
 13532 | D:10     | Bought a runed robe for 111 gold pieces
 13532 | D:10     | Bought a runed robe for 111 gold pieces
 13689 | D:10     | Noticed an unseen horror
 13691 | D:10     | Killed an unseen horror
 13865 | D:10     | Killed an unseen horror
 13923 | D:10     | Got a masterwork leather armour
 13996 | D:10     | Identified the cursed +0 leather armour "Taamafoa" {Harm
                  | rF- rC- Stlth+} (You found it on level 10 of the Dungeon)
 14030 | D:11     | Reached *** piety under Sif Muna
 14073 | D:11     | Reached skill level 10 in Conjurations
 14142 | D:11     | Gained mutation: You regenerate a little health from kills.
                  | [demonic ancestry]
 14142 | D:11     | Reached XP level 12. HP: 84/84 MP: 8/25
 14174 | D:11     | Found a gate leading to a gauntlet.
 14215 | Gauntlet | Entered a Gauntlet
 14215 | Gauntlet | Found a transporter.
 14215 | Gauntlet | Found a transporter.
 14215 | Gauntlet | Found a transporter.
 14220 | Gauntlet | Found a transporter.
 14223 | Gauntlet | Found a transporter.
 14233 | Gauntlet | Found a transporter.
 14233 | Gauntlet | Found a transporter.
 14247 | Gauntlet | Found a transporter.
 14255 | Gauntlet | Found a transporter.
 14255 | Gauntlet | Noticed a catoblepas
 14272 | Gauntlet | Found a transporter.
 14280 | Gauntlet | Found a transporter.
 14298 | Gauntlet | Found a transporter.
 14345 | Gauntlet | Noticed a green death
 14530 | Gauntlet | Killed a catoblepas
 14692 | Gauntlet | Noticed a minotaur
 14697 | Gauntlet | Killed a minotaur
 14697 | Gauntlet | Reached skill level 10 in Fire Magic
 14861 | D:11     | Reached skill level 5 in Fighting
 14883 | D:11     | Reached skill level 5 in Dodging
 14883 | D:11     | Reached skill level 5 in Evocations
 15167 | D:11     | Reached **** piety under Sif Muna
 15215 | D:11     | Found a staircase to the Orcish Mines.
 15289 | D:11     | Reached skill level 10 in Spellcasting
 15550 | D:11     | Noticed Urug
 15569 | D:11     | Killed Urug
 15854 | Lair:1   | Entered Level 1 of the Lair of Beasts
 16002 | Lair:1   | Reached ***** piety under Sif Muna
 16205 | Lair:1   | Received a gift from Sif Muna
 16670 | Lair:2   | Found a shimmering blue altar of Sif Muna.
 17215 | Lair:2   | Reached XP level 13. HP: 80/92 MP: 19/27
 17853 | Lair:3   | Found a staircase to the Snake Pit.
 18784 | Lair:3   | Acquired the Handbook of Gliding Confrontation
 19040 | Lair:3   | You fall into a shaft and drop 2 floors!
 19462 | Lair:4   | Identified the Grimoire of Poisoning
 20322 | Lair:4   | Identified Sif Muna's Reference Book on Feathers and
                  | Conjuration (Sif Muna gifted it to you on level 4 of the
                  | Lair of Beasts)
 20322 | Lair:4   | Received a gift from Sif Muna
 20950 | Lair:4   | Reached XP level 14. HP: 78/101 MP: 26/29
 21093 | Lair:4   | Found a staircase to the Shoals.
 22188 | Lair:5   | Found a staircase to the Slime Pits.
 22673 | Lair:5   | Learned a level 5 spell: Irradiate
 22678 | Lair:5   | Learned a level 4 spell: Airstrike
 22686 | Lair:5   | Learned a level 7 spell: Orb of Destruction
 22709 | Lair:6   | Entered Level 6 of the Lair of Beasts
 22709 | Lair:6   | Found a frozen archway.
 23076 | Lair:6   | Reached skill level 1 in Shields
 23230 | Lair:6   | Reached skill level 1 in Air Magic
 23567 | Lair:6   | Identified Sif Muna's Incunabulum of Destructive Clay (Sif
                  | Muna gifted it to you on level 6 of the Lair of Beasts)
 23567 | Lair:6   | Received a gift from Sif Muna
 24490 | Lair:6   | Found a burning altar of Makhleb.
 24504 | Lair:6   | Reached XP level 15. HP: 108/108 MP: 9/30
 24541 | Lair:6   | Found a gateway to Hell.
 24548 | Lair:6   | Identified the Handbook of Enchantment
 24899 | Orc:1    | Entered Level 1 of the Orcish Mines
 25112 | Orc:1    | Found a shimmering altar of Xom.
 25506 | Orc:2    | Entered Level 2 of the Orcish Mines
 25552 | Orc:2    | Received a gift from Sif Muna
 26298 | Orc:2    | Found Gucyryme's Gadget Shoppe.
 26298 | Orc:2    | Found Teamys's Distillery.
 26299 | Orc:2    | Found Fuke's Armour Emporium.
 26302 | Orc:2    | Found Joajysou's Armour Emporium.
 26306 | Orc:2    | Bought a potion of curing for 33 gold pieces
 26306 | Orc:2    | Bought a potion of haste for 110 gold pieces
 26306 | Orc:2    | Bought a potion of magic for 88 gold pieces
 26307 | Orc:2    | Bought the +0 leather armour "Oczihor" {MP+9 Dex+5} for 652
                  | gold pieces
 26308 | Orc:2    | Bought a +0 helmet of intelligence for 138 gold pieces
 26543 | Orc:2    | Found a staircase to the Elven Halls.
 27132 | D:12     | Noticed Nessos
 27136 | D:12     | Killed Nessos
 28468 | D:12     | Identified Geones's Almanac of Fiery Snow (Sif Muna gifted
                  | it to you on level 12 of the Dungeon)
 28468 | D:12     | Received a gift from Sif Muna
 28649 | D:12     | Reached skill level 10 in Invocations
 29717 | D:13     | Paralysed by a hornet for 2 turns
 30103 | D:13     | Reached skill level 5 in Shields
 30591 | D:14     | Found a runed translucent gate.
 30591 | D:14     | Found a runed translucent gate.
 30591 | D:14     | Found a runed translucent gate.
 30591 | D:14     | Found an ancient bone altar of Kikubaaqudgha.
 30591 | D:14     | Noticed Cown's ghost (journeyman TrHu)
 30591 | D:14     | Noticed a lich
 30591 | D:14     | Noticed Kilet's ghost (adept GrEE)
 30591 | D:14     | Noticed a lich
 30591 | D:14     | Noticed a lich
 30599 | D:14     | Got a pair of bloodstained gloves
 30609 | D:14     | Identified the +2 pair of gloves of Free Expression {rElec
                  | rC+ Regen+ Int-3} (You found it on level 14 of the Dungeon)
 31080 | D:14     | Found a gate to the Vaults.
 31324 | D:15     | Entered Level 15 of the Dungeon
 31404 | D:15     | Gained mutation: You have claws for hands. [demonic
                  | ancestry]
 31404 | D:15     | Reached XP level 16. HP: 96/117 MP: 18/32
 32461 | D:15     | Found a staircase to the Depths.
 32465 | D:15     | Identified Sif Muna's Grimoire of Destructive Companions
                  | (Sif Muna gifted it to you on level 15 of the Dungeon)
 32465 | D:15     | Received a gift from Sif Muna
 32867 | D:14     | Killed a lich
 32867 | D:14     | Killed a lich
 33163 | D:14     | Noticed an Ice Fiend
 33166 | D:14     | Killed a lich
 33461 | D:14     | Killed Kilet's ghost
 33623 | D:14     | Killed Cown's ghost
 33838 | D:14     | Identified Kikubaaqudgha's Almanac of Unholy Secrets
 33846 | D:14     | Got a shimmering diamond amulet
 33848 | D:14     | Identified the amulet of Sozic Qicso {rC++ Regen+ Str+4
                  | Slay+2} (You found it on level 14 of the Dungeon)
 33856 | D:14     | Got a brightly glowing hat
 33866 | D:14     | Identified the +2 hat of Indemnity {Str+4 Stlth+} (You
                  | found it on level 14 of the Dungeon)
 34131 | Shoals:1 | Entered Level 1 of the Shoals
 34170 | Shoals:1 | Noticed Josephine
 34179 | Lair:4   | Killed Josephine
 34290 | Lair:4   | Drowned by a water elemental

Illustrated notes

Levels and vault maps discovered:
D:1:      matt_arrival_los_fun, layout_basic, corexii_item_surrounded_by_moat,
          minmay_misc_feat_secret_circle
D:2:      minmay_evil_eye, layout_loops_ring, nicolae_overflow_crystal_walls,
          minmay_indecisive_spiral
D:3:      layout_basic, gammafunk_ghost_mausoleum, grunt_decor_resistance,
          uniq_terence
D:4:      layout_loops_ring, marbit_many_paths
D:5:      layout_loops_cross, overflow_temple_1_default, serial_shops,
          nicolae_shop_crystal, first_ration,
          lightli_ossuary_entry_decrepit_ruins, chequers_big_river,
          okawaru_metal_pillars_3, uniq_duvessa, uniq_pikel
D:6:      layout_cave_pods, lemuel_doored_altar, minmay_temple_entry_ruins
D:7:      layout_gridville, overflow_temple_1_default,
          kennysheep_opposing_triangles
D:8:      layout_basic, ashenzari_altar_1, kennysheep_mini_moat,
          dpeg_oklobed_lair, serial_shops, nicolae_shop_crystal, shop,
          nicolae_shop_statue_plus, shop, shop, grunt_tough_drop
D:9:      layout_irregular_city, uniq_maggie, uniq_joseph, uniq_harold,
          uniq_grum
D:10:     minmay_bubble_buster, layout_cave_pools, serial_shops, shop,
          nicolae_shop_trees, shop, shop, uniq_psyche, uniq_sonja
D:11:     layout_roguey, hiddenorc2_lemuel, gauntlet_entry_generic, uniq_urug
D:12:     layout_stronghold, serial_ice, serial_ice_m, serial_ice_n,
          serial_ice_h, serial_ice_i, david_nohive_1, uniq_nessos
D:13:     layout_grid_maze
D:14:     layout_long_grid, david_vaults_1, gammafunk_ghost_crypt,
          chequers_jeans, chequers_serial_rivers_large_b
D:15:     grunt_enter_depths_snipers, layout_irregular_city,
          minmay_misc_feat_enclosed, nrook_loot_triangle
Temple:   regret_index_temple_waves
Lair:1:   layout_chaotic_city, st_stairs_10, serial_bayou_shore_b
Lair:2:   layout_concentric_octagons, basic_altar, st_stairs_11,
          chequers_serial_rivers_large_a, beast_lair_carwin_3
Lair:3:   layout_cave_pods, dummy_snake_entry, beast_lair_carwin_9,
          grunt_megastairs_4, infiniplex_staircase_pool_2, serial_bayou_shore_b,
          lemuel_fruit_fields, lemuel_fruit_fields
Lair:4:   layout_small_grid, shoals_dummy_entry, minmay_lair_oklob_chamber
Lair:5:   layout_concentric_octagons, nicolae_slime_entry_slimehenge,
          serial_bayou_shore_a
Lair:6:   evil_forest, layout_misc_corridors, portal_ice_cave_entry_pillars_2,
          st_stairs_3
Shoals:1: layout_shoals, uniq_josephine, uniq_donald
Orc:1:    layout_diamond_mine, basic_altar
Orc:2:    st_orc_mages, layout_diamond_mine

Skill      XL: |  1  2  3  4  5  6  7  8  9 10 11 12 13 14 15 16 |
---------------+-------------------------------------------------+-----
Fire Magic     | 3 4 5 6 7 8 9 10 11 12 13 | 13.0
Conjurations   | 2 3 4 5 6 8 9 10 11 12 13 | 13.7
Spellcasting   | 3 4 5 6 7 8 9 10 11 12 | 12.8
Dodging        | 2 3 4 5 6 7 8 |  8.1
Invocations    | 2 4 5 7 8 9 10 | 10.9
Fighting       | 1 3 4 5 6 7 8 |  8.5
Evocations     | 1 3 4 5 6 7 8 |  8.6
Shields        | 3 5 |  5.0
Air Magic      | 2 3 4 |  4.5
Stealth        | |  1.7

Action                   |  1- 3 |  4- 6 |  7- 9 | 10-12 | 13-15 | 16-18 || total
-------------------------+-------+-------+-------+-------+-------+-------++-------
Melee: Unarmed           |     1 |       |       |       |       |       ||     1
       Whip              |    18 |    18 |    34 |       |       |       ||    70
       Scimitar          |       |       |    11 |    81 |   354 |    15 ||   461
Throw: Dart              |       |       |       |       |     4 |       ||     4
 Cast: Foxfire           |    65 |   113 |   256 |   448 |   210 |    11 ||  1103
       Sticky Flame      |       |     1 |    13 |    70 |   141 |     9 ||   234
       Fireball          |       |       |     5 |    74 |   211 |    54 ||   344
       Apportation       |       |       |     1 |       |       |       ||     1
       Inner Flame       |       |       |       |       |     3 |       ||     3
       Airstrike         |       |       |       |       |     9 |       ||     9
       Irradiate         |       |       |       |       |     1 |       ||     1
       Orb of Destructio |       |       |       |       |       |    13 ||    13
Invok: Channel Magic     |       |       |       |     1 |     8 |     2 ||    11
  Use: Scroll            |       |     5 |     2 |    20 |     7 |     2 ||    36
       Potion            |       |       |       |       |       |     1 ||     1
 Stab: Sleeping          |       |       |       |     2 |     1 |       ||     3
  Eat: Chunk             |     3 |     7 |    12 |    36 |    52 |     4 ||   114
       Ration            |       |       |     1 |     1 |     3 |     3 ||     8
Armor: Robe              |     5 |     4 |    25 |    58 |   162 |     9 ||   263
Dodge: Dodged            |    17 |    16 |    83 |   131 |   442 |    49 ||   738
Block: Buckler           |       |       |       |       |    90 |    13 ||   103
       Rpst.: Scimitar   |       |       |     8 |    36 |   109 |     7 ||   160
